 Dungeon Crawl Stone Soup version 0.25-a0-834-g55863b0b92 (webtiles) character file.

Game seed: 17151191671252467109, levelgen mode: deterministic

224 Aggronaut the Ruffian (level 5, -10/60 HPs)
             Began as a Draconian Transmuter on Apr 22, 2020.
             Mangled by an ogre
             ... wielding a +0 giant club
              (19 damage)
             ... on level 4 of the Dungeon.
             The game lasted 00:09:01 (3566 turns).

Aggronaut the Ruffian (Draconian Transmuter)        Turns: 3566, Time: 00:09:02

Health: -10/60     AC: 22    Str: 15    XL:     5   Next: 67%
Magic:  5/7        EV:  2    Int: 14    God:
Gold:   179        SH:  0    Dex: 11    Spells: 4/8 levels left

rFire    . . .     SeeInvis .     - Unarmed
rCold    . . .     Gourm    .   (no shield)
rNeg     + + +     Faith    .   (armour unavailable)
rPois    +         Spirit   .   (helmet currently unavailable)
rElec    .         Reflect  .   (cloak currently unavailable)
rCorr    .         Harm     .   (gloves currently unavailable)
MR       .....     NoTele   +   (boots currently unavailable)
Stlth    +.........             (no amulet)
HPRegen  0.20/turn              (no ring)
MPRegen  0.10/turn              (no ring)

@: brilliant, tree-form, very slightly contaminated
A: unfitting armour, low mp 1, strong 1, AC +5
a: no special abilities


You were on level 4 of the Dungeon.
You were not hungry.
You were a tree.
You visited 1 branch of the dungeon, and saw 4 of its levels.

You collected 179 gold pieces.

Inventory:

Missiles
 a - 36 arrows
 n - 7 poisoned darts (quivered)
Armour
 m - a +0 pair of gloves (melded)
Scrolls
 e - a scroll of random uselessness {unknown}
 j - a scroll of amnesia {unknown}
 k - a scroll of noise
 l - a scroll of remove curse {unknown}
 p - a scroll of teleportation {unknown}
Potions
 g - 2 potions of flight
 h - a potion of stabbing {unknown}
 o - a potion of lignification
Comestibles
 b - 3 chunks of flesh
 c - 8 rations


   Skills:
 - Level 1.1 Fighting
 - Level 1.9 Dodging
 * Level 5.6 Unarmed Combat
 - Level 2.0 Spellcasting
 + Level 3.5 Transmutations


You had 4 spell levels left.
You knew the following spells:

 Your Spells              Type           Power        Failure   Level  Hunger
a - Beastly Appendage     Tmut           ###...       5%          1    None
b - Spider Form           Tmut/Pois      #.........   34%         3    None

Your spell library contained the following spells:

 Spells                   Type           Power        Failure   Level  Hunger
 Sticks to Snakes         Tmut           ###.....     9%          2    None
 Ice Form                 Ice/Tmut       #.......     75%         4    None
 Blade Hands              Tmut           ###.......   83%         5    None


Dungeon Overview and Level Annotations

Branches:
Dungeon (4/15)
 Temple: D:4-7

Altars:

Shops:
D:4 [


Innate Abilities, Weirdness & Mutations

((Your plain brown scales are hard. (AC +5)))
You cannot fit into any form of body armour.
((You are cold-blooded and may be slowed by cold attacks.))
Your magical capacity is low. (-10% MP)
Your muscles are strong. (Str +2)


Message History

The worker ant bites you but does no damage.
The adder bites you but does no damage.
You closely miss the worker ant.
The quokka bites you but does no damage.
The worker ant bites you.
* * * LOW HITPOINT WARNING * * *
The adder bites you but does no damage.
You smack the quokka!
You kill the quokka!
The adder bites you but does no damage.
The worker ant bites you but does no damage.
You smack the adder!
You kill the adder!
The worker ant bites you but does no damage.
You smack the ogre!
The ogre is moderately wounded.
The worker ant bites you.
* * * LOW HITPOINT WARNING * * *
The ogre hits you with a +0 giant club!!
You die...

............#......#
...................# #.
#..)..:...........###...
##...................#.#
.#......................#
........................#
#.....##....#...........#
##..#.#....######†.......#
#...#.#....# #.♣.(......###
........#######Oa..........##
...$....O####...w.........>.##
..........#...#........(.....#
............##..(............#
............÷................#
...........###.[.............#
...........# #.(.........∩...#
...........###.#............##


You could see an ogre, a worm and a worker ant.

Vanquished Creatures
  A hound (D:4)
  A worker ant (D:4)
  8 adders
  An ooze (D:2)
  2 worms
  4 dart slugs (D:1)
  2 leopard geckos (D:3)
  5 orcs
  5 giant cockroaches
  5 goblins
  6 hobgoblins
  4 jackals
  3 quokkas
  A ball python (D:3)
  12 bats
  4 frilled lizards
  9 kobolds
  A leopard gecko skeleton (D:4)
  9 rats
83 creatures vanquished.

Notes
Turn   | Place    | Note
-------+----------+-------------------------------------------
     0 | D:1      | Aggronaut the Draconian Transmuter began the quest for the
                  | Orb.
     0 | D:1      | Reached XP level 1. HP: 16/16 MP: 3/3
   174 | D:1      | Reached XP level 2. HP: 21/23 MP: 5/5
  1106 | D:1      | Reached XP level 3. HP: 25/28 MP: 6/6
  1113 | D:1      | Learned a level 3 spell: Spider Form
  1269 | D:2      | Reached skill level 4 in Unarmed Combat
  1343 | D:2      | Gained mutation: Your magical capacity is low. (-10% MP)
                  | [potion of mutation]
  1343 | D:2      | Gained mutation: Your muscles are strong. (Str +2) [potion
                  | of mutation]
  1651 | D:2      | Reached XP level 4. HP: 29/35 MP: 6/6
  2758 | D:3      | Reached skill level 5 in Unarmed Combat
  2761 | D:3      | Reached XP level 5. HP: 30/40 MP: 7/7
  2996 | D:3      | Found a faded altar of an unknown god.
  3167 | D:4      | Found Dadij's Antique Armour Shop.
  3515 | D:4      | Noticed an ogre
  3555 | D:4      | HP: 2/40 [poisoned by a worker ant]
  3566 | D:4      | Mangled by an ogre

Levels and vault maps discovered:
D:1:      dpeg_arrival_pits, layout_basic, minmay_misc_feat_x,
          minmay_pentomino_s4
D:2:      layout_loops_ring
D:3:      layout_loops_ring, chequers_ecumenical_altar_twisty
D:4:      layout_rooms, first_ration, serial_shops, shop, hex_intersection

Skill      XL: |  1  2  3  4 |
---------------+-------------+-----
Unarmed Combat | 4 5 |  5.6
Transmutations | 3 |  3.5
Fighting       | |  1.1
Dodging        | |  1.9
Spellcasting   | |  2.0

Action                   |  1- 3 |  4- 6 || total
-------------------------+-------+-------++-------
Melee: Unarmed           |   200 |   156 ||   356
       Tailslap          |    15 |    13 ||    28
       Punch             |     6 |     2 ||     8
       Kick              |       |     3 ||     3
 Cast: Beastly Appendage |     1 |     3 ||     4
       Spider Form       |     1 |     1 ||     2
  Use: Potion            |     2 |     3 ||     5
       Scroll            |       |     2 ||     2
 Stab: Sleeping          |     1 |       ||     1
  Eat: Chunk             |     3 |     6 ||     9
Armor: Skin              |    53 |    56 ||   109
Dodge: Dodged            |   139 |    93 ||   232

Table legend:
 A = Non-vault XP
 B = Vault XP
 C = Vault XP percentage of total XP
 D = Non-vault monster count
 E = Vault monster count
 F = Vault count percentage of total count
                 A         B        C        D         E       F
            +---------+---------+-------+---------+---------+-------
      Total |     318 |       3 |   0.9 |      80 |       3 |   3.6
            +---------+---------+-------+---------+---------+-------
        D:1 |      48 |       3 |   5.9 |      26 |       3 |  10.3
        D:2 |      76 |       0 |   0.0 |      24 |       0 |   0.0
        D:3 |      78 |       0 |   0.0 |      20 |       0 |   0.0
        D:4 |     116 |       0 |   0.0 |      10 |       0 |   0.0
            +---------+---------+-------+---------+---------+-------
